 Dungeon Crawl Stone Soup version 0.29.1-12-g30fa7ad0bf (webtiles) character file.

Game seed: 9386299934404529302

2 fantasyman the Trooper (level 1, 18/18 HPs)
             Began as a Formicid Berserker on Dec 28, 2022.
             Was a Follower of Trog.
             Got out of the dungeon alive.
             The game lasted 00:00:23 (112 turns).

fantasyman the Trooper (Formicid Berserker)          Turns: 112, Time: 00:00:24

Health: 18/18      AC:  2    Str: 21    XL:     1   Next: 44%
Magic:  1/1        EV: 12    Int:  6    God:    Trog [*.....]
Gold:   0          SH:  0    Dex: 13    Spells: 0/0 levels left

rFire   . . .      SeeInvis +   a - +0 hand axe
rCold   . . .      Faith    .   (no shield)
rNeg    . . .      Spirit   .   b - +0 animal skin
rPois   .          Reflect  .   (helmet unavailable)
rElec   .          Harm     .   (no cloak)
rCorr   .          Rampage  .   (no gloves)
Will    .....                   (no boots)
Stlth   +.........              (no amulet)
HPRegen 0.06/turn               (no ring)
MPRegen 0.07/turn               (no ring)

@: no status effects
A: permanent stasis, dig shafts and tunnels, antennae 3, four strong arms
a: Dig, Shaft Self, Renounce Religion


You escaped.
You worshipped Trog.
Trog was aware of your devotion.
You visited 1 branch of the dungeon, and saw 1 of its levels.

Inventory:

Hand Weapons
 a - a +0 hand axe (weapon)
Armour
 b - a +0 animal skin (worn)
Potions
 c - a potion of lignification {unknown}
 d - a potion of invisibility {unknown}


   Skills:
 + Level 3.5 Fighting
 + Level 3.0 Axes
 + Level 2.1 Armour
 + Level 1.7 Dodging


You couldn't memorise any spells.
You didn't know any spells.
Your spell library was empty.

Dungeon Overview and Level Annotations

Branches:
Dungeon (1/15)

Altars:


Innate Abilities, Weirdness & Mutations

You cannot be hasted, slowed, berserked, paralysed or teleported.
You can dig through walls and to a lower floor.
You have a pair of large antennae on your head. (SInv)
Your four strong arms can wield two-handed weapons with a shield.


Message History

The bat barely misses you.
A bat is nearby!
The bat closely misses you.
You see here a yellow potion.
A bat is nearby!
The bat closely misses you.
A bat is nearby!
You barely miss the bat. The bat completely misses you.
The bat closely misses you.
You closely miss the bat. The bat closely misses you. The bat misses you.
A bat is nearby!
A bat is nearby!
The bat hits you but does no damage.
You see here a yellow potion.
A bat is nearby!
You closely miss the bat. The bat completely misses you.
A bat is nearby!
You hit the bat.
You kill the bat!
Trog accepts your kill.
d - a yellow potion No target in view!
Found a stone staircase leading down.
No target in view!
There is a stone staircase leading down here.
You sense a monster nearby.
No target in view!
Okay, then.
There is a stone staircase leading down here.
There is a staircase leading out of the dungeon here.
There is a staircase leading out of the dungeon here.
You can't go down here!
Are you sure you want to leave the Dungeon?
This will make you lose the game!
Alright, then stay!
Are you sure you want to leave the Dungeon?
This will make you lose the game!
Alright, then stay!
Are you sure you want to leave the Dungeon?
This will make you lose the game!
Uppercase [Y]es or [N]o only, please.
Are you sure you want to leave the Dungeon?
This will make you lose the game!
You have escaped!

##..# .# ##.#.## #.
#.##..# #.# ##.###.#
#..###..##..#
#..#..###.##
#..#..##..#
#...###.## #.@.# #.#
### #...###.# #..
#..#..##.#########.#
#.(#..##........)...
#..###..#..#####.....
#.# ##.#...........†
#. #.##........... .#
##.#........... .#
##.##.#....###


There were no monsters in sight!

Vanquished Creatures
  A ball python (D:1)
  2 bats (D:1)
3 creatures vanquished.

Notes
Turn   | Place    | Note
-------+----------+-------------------------------------------
     0 | D:1      | fantasyman the Formicid Berserker began the quest for the
                  | Orb.
     0 | D:1      | Reached XP level 1. HP: 18/18 MP: 1/1
   112 | D:$      | Got out of the dungeon alive.

Illustrated notes

Levels and vault maps discovered:
D:1:      dpeg_arrival_simpleton_a, layout_basic, nrook_mini_backslash,
          minmay_vboxes

Action                   || total
-------------------------++-------
Melee: Hand axe          ||     7
 Stab: Sleeping          ||     1
Armor: Animal skin       ||     4
Dodge: Dodged            ||    11
